 Dungeon Crawl Stone Soup version 0.30-a0-34-gbe8da3892a (webtiles) character file.

Game seed: 15220009948648181656

387 ytrimaz the Insei (level 6, -1/38 HPs)
             Began as an Octopode Transmuter on Aug 27, 2022.
             Slain by a ball python (2 damage)
             ... in a sewer.
             The game lasted 00:04:38 (3805 turns).

ytrimaz the Insei (Octopode Transmuter)             Turns: 3805, Time: 00:04:39

Health: -1/38      AC:  1    Str: 10    XL:     6   Next: 78%
Magic:  7/11       EV: 10    Int: 17    God:
Gold:   89         SH:  0    Dex: 12    Spells: 1/11 levels left

rFire   . . .      SeeInvis .      - Unarmed
rCold   + . .      Faith    .    (no shield)
rNeg    . . .      Spirit   .    (helmet currently unavailable)
rPois   .          Reflect  .    (no amulet)
rElec   .          Harm     .    c - ring of protection from cold
rCorr   .          Rampage  .    g - ring of willpower
Will    +....                    (no ring)
Stlth   +++.......               (no ring)
HPRegen 0.12/turn                (no ring)
MPRegen 0.12/turn                (no ring)
                                 (no ring)
                                 (no ring)

@: mighty, appendages (expiring), wereblooded, constricted
A: tentacle spike 3, almost no armour, amphibious, 8 rings, camouflage 1,
gelatinous body 1, nimble swimmer 1, tentacles
a: End Transformation


You were in a sewer.
One of your tentacles had grown a beastly spike.
You visited 1 branch of the dungeon, and saw 3 of its levels.
You also visited: Sewer.

You collected 139 gold pieces.
You spent 50 gold pieces at shops.

Inventory:

Jewellery
 c - a ring of protection from cold (left tentacle)
 f - a ring of fire
 g - a ring of willpower (right tentacle)
Scrolls
 e - a scroll of brand weapon
 h - a scroll of butterflies
 k - 2 scrolls of identify
 l - a scroll of enchant armour
 o - a scroll of enchant weapon
 p - a scroll of acquirement {unknown}
 q - a scroll of blinking {unknown}
Potions
 a - a potion of brilliance {unknown}
 b - a potion of haste {unknown}
 d - a potion of magic
 j - a potion of might
 m - a potion of curing {unknown}
 n - a potion of degeneration {unknown}
 r - a potion of ambrosia {unknown}


   Skills:
 - Level 1.0 Fighting
 - Level 2.0 Dodging
 - Level 5.0 Unarmed Combat
 + Level 3.4 Spellcasting
 + Level 3.3 Transmutations
 * Level 3.8 Poison Magic


You had one spell level left.
You knew the following spells:

 Your Spells              Type           Power      Damage    Failure   Level
a - Beastly Appendage     Tmut           28%        N/A       4%          1
b - Wereblood             Tmut           14%        N/A       6%          2
c - Spider Form           Tmut/Pois      15%        N/A       12%         3
d - Ice Form              Ice/Tmut       8%         N/A       63%         4

Your spell library contained the following spells:

 Spells                   Type           Power      Damage    Failure   Level
 Slow                     Hex            8%         N/A       17%         1
 Confusing Touch          Hex            2%         N/A       45%         3
 Vampiric Draining        Necr           2%         2d6       45%         3
 Summon Ice Beast         Ice/Summ       2%         N/A       86%         4
 Summon Mana Viper        Hex/Summ       2%         N/A       99%         5
 Monstrous Menagerie      Summ           1%         N/A       100%        7
 Borgnjor's Revivificati  Necr           1%         N/A       100%        8
 Necromutation            Tmut/Necr      4%         N/A       100%        8
 Death's Door             Necr           1%         N/A       100%        9


Dungeon Overview and Level Annotations

Branches:
Dungeon (3/15)              Sewer (1/1)

Altars:

Shops:
D:2 *

Annotations:
D:2 1 runed translucent door, Crazy Yiuf


Innate Abilities, Weirdness & Mutations

One of your tentacles has grown a beastly spike.
You cannot wear most types of armour.
You are amphibious.
You can wear up to eight rings at the same time.
Your skin changes colour to match your surroundings (Stealth+).
Your rubbery body absorbs attacks. (AC +1, EV +1)
You are camouflaged when in or above water. (Stealth+)
You have tentacles for arms and can constrict up to eight enemies at once.


Message History

You constrict the bullfrog. The ball python closely misses you.
The ball python constricts you.
The bullfrog hits you but does no damage.
The bullfrog closely misses you. The adder bites you but does no damage.
You feel very mighty all of a sudden.
You howl as the wereblood boils in your veins!
Your transformation is almost over.
You constrict the bullfrog. The bullfrog hits you. x2
The ball python barely misses you. The ball python constricts you.
The ball python loses its grip on you. The adder bites you.
The bullfrog snags a nearby mosquito with its tongue.
The bullfrog hits you.
* * * LOW HITPOINT WARNING * * *
The bullfrog closely misses you. The ball python misses you.
The ball python barely misses you.
Unknown command.
Okay, then.
You feel much better.
You constrict the bullfrog. The bullfrog closely misses you.
The adder bites you but does no damage. The adder bites you.
The bullfrog hits you. The ball python barely misses you.
The ball python misses you.
Unknown command.
You tentacle-slap the bullfrog.
The bullfrog is severely wounded.
You constrict the bullfrog. The bullfrog barely misses you.
The adder closely misses you. The bullfrog hits you.
The ball python closely misses you. The ball python completely misses you.
The bullfrog hits you. The adder barely misses you. The ball python misses you.
The ball python grabs you. The ball python constricts you.
The adder barely misses you. The bullfrog hits you.
* * * LOW HITPOINT WARNING * * *
Unknown command.
As you read the scroll labelled POMEVA LETUMNO, it crumbles to dust.
It is a scroll of enchant weapon.
You aren't carrying any weapons that can be enchanted.
You constrict the bullfrog. The bullfrog closely misses you.
The adder bites you but does no damage. The bullfrog hits you!
* * * LOW HITPOINT WARNING * * *
The ball python bites you.
You die...

≈≈~~~#
#≈≈~~≈≈#
≈~≈~~#
#≈≈≈~~≈#
.~~.##
#≈≈≈~≈~#
...~≈#
#≈≈≈#~~#
....≈#
#≈≈≈~†~#
~~≈≈≈#
#≈≈≈≈.~#
≈≈≈≈≈#
#≈≈~#~≈#
~~~≈≈#
#≈≈~S≈~#
≈~~≈≈#
#≈~~F@S#
≈~~~~#
#≈~~SFS#
≈≈≈~≈#
#~~~≈S≈#
~~≈~~#
#~~≈~≈~#
....##
#..~~..#
.....#
#......#
....##
#......#
....#
+......#
...##
##....##


You could see 2 bullfrogs, 2 adders and 3 ball pythons.

Vanquished Creatures
  Sigmund (D:3)
  An orc wizard (D:3)
  9 adders
  3 river rats (Sewer)
  3 worms
  3 orcs (D:3)
  4 endoplasms
  2 giant cockroaches
  4 goblins
  5 hobgoblins
  4 jackals (D:1)
  10 ball pythons
  4 bats
  6 frilled lizards
  6 kobolds
  36 rats
101 creatures vanquished.

Notes
Turn   | Place    | Note
-------+----------+-------------------------------------------
     0 | D:1      | ytrimaz the Octopode Transmuter began the quest for the
                  | Orb.
     0 | D:1      | Reached XP level 1. HP: 13/13 MP: 3/3
    56 | D:1      | Reached XP level 2. HP: 9/18 MP: 1/5
   231 | D:1      | Found a faded altar of an unknown god.
  1143 | D:1      | Reached skill level 4 in Unarmed Combat
  1372 | D:2      | Reached XP level 3. HP: 9/23 MP: 4/6
  1893 | D:2      | Learned a level 2 spell: Wereblood
  1897 | D:2      | Learned a level 3 spell: Spider Form
  2416 | D:2      | Found Rogrun's General Store.
  2424 | D:2      | Bought a potion of heal wounds for 50 gold pieces
  2632 | D:2      | Found a runed translucent door.
  2633 | D:2      | Noticed Crazy Yiuf
  2684 | D:3      | Reached XP level 4. HP: 27/28 MP: 3/7
  2903 | D:3      | Reached skill level 1 in Poison Magic
  3064 | D:3      | Noticed Sigmund
  3084 | D:3      | Killed Sigmund
  3085 | D:3      | Reached skill level 5 in Unarmed Combat
  3085 | D:3      | Reached XP level 5. HP: 33/33 MP: 4/9
  3085 | D:3      | Reached XP level 6. HP: 38/38 MP: 4/10
  3286 | D:3      | Found a glowing drain.
  3303 | Sewer    | Entered a sewer
  3391 | Sewer    | Learned a level 4 spell: Ice Form
  3805 | Sewer    | HP: 1/38 [bullfrog (9)]
  3805 | Sewer    | Slain by a ball python

Illustrated notes

Levels and vault maps discovered:
D:1:      dpeg_arrival_court, layout_basic, hellmonk_ecumenical_altar_blasted
D:2:      layout_loops_ring, serial_shops, nicolae_shop_hallway_stairs,
          uniq_crazy_yiuf_cottage
D:3:      wander_river, layout_rooms, cheibrodos_sewer_entry_bend, uniq_sigmund
Sewer:    sewer_minmay_w

Skill      XL: |  1  2  3  4  5  6 |
---------------+-------------------+-----
Unarmed Combat | 4 5 |  5.0
Poison Magic   | 3 |  3.8
Spellcasting   | 3 |  3.4
Transmutations | 3 |  3.3
Fighting       | |  1.0
Dodging        | |  2.0

Action                   |  1- 3 |  4- 6 || total
-------------------------+-------+-------++-------
Melee: Unarmed           |    69 |   102 ||   171
       Constrict         |    20 |    24 ||    44
       Kick              |    15 |    28 ||    43
       Tentacles         |     6 |    12 ||    18
       Punch             |     1 |     1 ||     2
 Cast: Beastly Appendage |    25 |    17 ||    42
       Spider Form       |     1 |     2 ||     3
       Wereblood         |       |     3 ||     3
  Use: Scroll            |     5 |     1 ||     6
       Potion            |     2 |     6 ||     8
 Stab: Sleeping          |     8 |     1 ||     9
Armor: Skin              |     6 |    22 ||    28
Dodge: Dodged            |    33 |   106 ||   139

Table legend: (Time is in decaauts)
 A = Elapsed time spent in this place.
 B = Non-inter-level travel time spent in this place.
 C = Inter-level travel time spent in this place.
 D = Time resting spent in this place.
 E = Time spent auto-exploring this place.
 F = Levels seen in this place.
 G = Mean time per level.
                   A        B        C        D        E       F      G
               +--------+--------+--------+--------+--------+-----+--------+
         Total |   3801 |   3734 |     67 |    670 |   2413 |   4 |  950.2 |
       Dungeon |   3300 |   3233 |     67 |    564 |   2210 |   3 | 1100.0 |
         Sewer |    500 |    500 |      0 |    106 |    203 |   1 |  500.0 |
               +--------+--------+--------+--------+--------+-----+--------+

Top non-repeatable levels by time:
     D:1: 1360 daAuts
     D:2: 1308 daAuts
     D:3: 632 daAuts
   Sewer: 500 daAuts
